[Event "Titled Tuesday Blitz April 12 Early 2022"]
[White "Mekhitarian, Krikor Sevag"]
[Black "Biletskiy, Danylo"]
[WhiteFideId "2107660"]
[BlackFideId "14155419"]
[WhiteElo "2598"]
[BlackElo "2087"]
[Result "1-0"]
[Round "11"]
[TimeControl "180+1"]
[Date "2022.04.13"]
[WhiteClock "0:00:04"]
[BlackClock "0:00:03"]

1. Nf3 d5 2. c4 c6 3. e3 Nf6 4. Nc3 g6 5. b3 Bg7 6. Bb2 O-O 7. d4 Nbd7 8. Be2 b6 9. O-O Bb7 10. Rc1 Re8 11. h3 Rc8 12. Bd3 e6 13. Qe2 c5 14. cxd5 Nxd5 15. Nxd5 exd5 16. Ba6 Qc7 17. Rfd1 Nf6 18. dxc5 bxc5 19. Qb5 Bxa6 20. Qxa6 Red8 21. Be5 Qb6 22. Qe2 Ne4 23. Bxg7 Kxg7 24. Ne5 Qf6 25. Ng4 Qd6 26. Qb2+ d4 27. exd4 cxd4 28. Rxc8 Rxc8 29. Rxd4 Rc1+ 30. Qxc1 Qxd4 31. Ne3 Nc3 32. Qb2 Kg8 33. g3 h5 34. Qc2 Ne4 35. Kg2 h4 36. gxh4 Nf6 37. Qc8+ Kg7 38. Qc4 Qd2 39. a4 Nh5 40. b4 Qd7 41. b5 Qb7+ 42. Qc6 Qe7 43. Qc4 Qb7+ 44. Kg1 Qf3 45. Qd4+ Kh7 46. Qg4 Qb7 47. Kh2 Qc7+ 48. Kg1 Qc1+ 49. Qd1 Qc8 50. Qf3 Qc1+ 51. Kg2 Qc7 52. Ng4 Qe7 53. Qe3 Qxh4 54. Qf3 Qe7 55. a5 Qc7 56. b6 axb6 57. a6 f5 58. Ne3 Nf4+ 59. Kg1 Qc1+ 60. Kh2 Qc7 61. Kg1 Qc1+ 62. Nf1 Ne6 63. Qb7+ Kh6 64. a7 Ng5 65. Qg2 Qa1 66. a8=Q Nxh3+ 67. Kh2 Qe5+ 68. Qg3 Qxg3+ 69. Kxg3 1-0


[Site "https://www.chess.com"]

[Event "Titled Tuesday Blitz April 12 Early 2022"]
[White "Mickiewicz, Piotr"]
[Black "Sanchez, Robert"]
[WhiteFideId "1114891"]
[BlackFideId "2034360"]
[WhiteElo "2266"]
[BlackElo "2381"]
[Result "1-0"]
[Round "11"]
[TimeControl "180+1"]
[Date "2022.04.13"]
[WhiteClock "0:00:10"]
[BlackClock "0:00:12"]

1. Nf3 d5 2. g3 c6 3. Bg2 Nf6 4. O-O Bg4 5. d3 Nbd7 6. Nbd2 e5 7. e4 d4 8. a4 Bd6 9. Nc4 Bc7 10. h3 Be6 11. Ng5 Bxc4 12. dxc4 h6 13. Nf3 O-O 14. Ne1 Nc5 15. Qe2 a5 16. Nd3 Nxd3 17. cxd3 Nd7 18. Bd2 Bd6 19. f4 Bb4 20. h4 Bxd2 21. Qxd2 Nc5 22. Qe2 exf4 23. Rxf4 Qe7 24. Bh3 Rab8 25. Kh2 Nb3 26. Raf1 b5 27. axb5 cxb5 28. cxb5 Rxb5 29. Qd1 Qb4 30. R1f2 a4 31. Be6 Rb7 32. Bd5 Rd7 33. Qh5 Rxd5 34. Qxd5 Qe7 35. Rf5 Nc1 36. R2f3 g6 37. Re5 Qb4 38. Re8 Qxb2+ 39. Kh3 Qb4 40. Qxf7+ Kh8 41. Rxf8+ 1-0


[Site "https://www.chess.com"]

[Event "Titled Tuesday Blitz April 12 Early 2022"]
[White "Mirzoev, Azer"]
[Black "Coto Mederos, Michel"]
[WhiteFideId "13400304"]
[BlackFideId "3508528"]
[WhiteElo "2525"]
[BlackElo "2427"]
[Result "1-0"]
[Round "11"]
[TimeControl "180+1"]
[Date "2022.04.12"]
[WhiteClock "0:00:06"]
[BlackClock "0:00:03"]

1. d4 d5 2. Nf3 Nf6 3. Bf4 c5 4. e3 Nc6 5. c3 Qb6 6. Qc2 e6 7. Nbd2 Be7 8. Bd3 O-O 9. O-O Bd7 10. Ne5 h6 11. Qb3 c4 12. Qxb6 axb6 13. Bc2 b5 14. a3 Be8 15. h3 Nd7 16. Nxd7 Bxd7 17. e4 Bg5 18. Bxg5 hxg5 19. f4 gxf4 20. Rxf4 b4 21. exd5 exd5 22. Bf5 bxc3 23. bxc3 Bxf5 24. Rxf5 Ra5 25. Nf1 g6 26. Rf6 Rfa8 27. Ne3 Ne7 28. Nc2 Nf5 29. Rb1 b5 30. Rb6 Ng3 31. Re1 Ne4 32. Re3 R8a6 33. Rb8+ Kg7 34. Nb4 Rd6 35. Nc2 Rf6 36. Rb7 Rf2 37. Rxe4 Rxc2 38. Ree7 Rxc3 39. Rxf7+ Kh6 40. Kh2 Kg5 41. Rfd7 Raxa3 42. Rxd5+ Kh6 43. Rbxb5 Rc2 44. Rbc5 Raa2 45. Rg5 c3 46. Rg3 Kh7 47. Rc7+ Kh6 48. Rc6 Rd2 49. Rcxg6+ Kh7 50. Rc6 Rxd4 51. Rgxc3 Rdd2 52. Rg3 Re2 53. Rg4 Rf2 54. Rc5 Rfe2 55. Rh5# 1-0


[Site "https://www.chess.com"]

[Event "Titled Tuesday Blitz April 12 Early 2022"]
[White "Mohammadian, Mohammad"]
[Black "Larrea, Manuel"]
[WhiteFideId "12566055"]
[BlackFideId "3000508"]
[WhiteElo "1544"]
[BlackElo "2233"]
[Result "0-1"]
[Round "11"]
[TimeControl "180+1"]
[Date "2022.04.13"]
[WhiteClock "0:00:40"]
[BlackClock "0:00:35"]

1. e4 c5 2. Nf3 Nc6 3. d4 cxd4 4. Nxd4 Nf6 5. Nc3 e5 6. Nb3 d6 7. Be2 Be7 8. Be3 O-O 9. O-O a5 10. a4 Nb4 11. f3 Be6 12. Qd2 d5 13. exd5 Nbxd5 14. Nxd5 Nxd5 15. Bf2 Nb4 16. Qxd8 Rfxd8 17. Rfc1 Nxc2 18. Rxc2 Bxb3 19. Rc7 Bb4 20. Rxb7 g6 21. Bb5 Rd2 22. Rc1 Rxb2 23. h3 Rd8 24. Rcc7 Rdd2 25. Bb6 Rxg2+ 26. Kf1 Rh2 27. Rb8+ Kg7 28. Kg1 Rhg2+ 29. Kf1 Rgd2 30. Rc1 h5 31. Be8 Bc4+ 32. Kg1 Rg2+ 33. Kh1 Rh2+ 34. Kg1 Rbg2# 0-1


[Site "https://www.chess.com"]

[Event "Titled Tuesday Blitz April 12 Early 2022"]
[White "Moroni, Luca Jr"]
[Black "Lazavik, Denis"]
[WhiteFideId "865834"]
[BlackFideId "13515110"]
[WhiteElo "2573"]
[BlackElo "2437"]
[Result "0-1"]
[Round "11"]
[TimeControl "180+1"]
[Date "2022.04.12"]
[WhiteClock "0:00:02"]
[BlackClock "0:01:10"]

1. d4 Nf6 2. c4 e6 3. Nc3 Bb4 4. Nf3 c5 5. g3 cxd4 6. Nxd4 O-O 7. Bg2 d5 8. cxd5 Nxd5 9. Qb3 Qa5 10. Bd2 Nc6 11. Nxc6 bxc6 12. O-O Bxc3 13. Bxc3 Nxc3 14. Qxc3 Qxc3 15. bxc3 Ba6 16. Bf3 Rab8 17. Rab1 c5 18. Rfd1 Bc4 19. a3 g6 20. h4 a5 21. h5 Kg7 22. hxg6 hxg6 23. e3 a4 24. Bc6 Rb3 25. Bxa4 Rxa3 26. Bc6 Rc8 27. Bb7 Rc7 28. Rdc1 Rd7 29. Rb2 Rd3 30. Rbc2 Bb3 31. Rb2 Ba4 32. c4 Rdc3 33. Rxc3 Rxc3 34. Ba6 Bb3 35. Kg2 Bxc4 36. Bxc4 Rxc4 37. Rb7 g5 38. Rc7 g4 39. Kf1 Kg6 40. Kg2 f6 41. Rc6 Kf5 42. Kf1 Ke5 43. Ke2 Kd5 44. Rc8 Rc2+ 45. Kf1 f5 46. Rd8+ Ke4 47. Kg2 e5 48. Rd7 c4 49. Rd8 c3 50. Rd7 Rd2 51. Rc7 Kd3 52. Rc5 c2 53. Rc8 Rd1 54. Rd8+ Ke4 55. Ra8 c1=Q 56. Ra4+ Kd5 0-1


[Site "https://www.chess.com"]

[Event "Titled Tuesday Blitz April 12 Early 2022"]
[White "Narayanan, Srinath"]
[Black "Indjic, Aleksandar"]
[WhiteFideId "5018420"]
[BlackFideId "911925"]
[WhiteElo "2472"]
[BlackElo "2616"]
[Result "0-1"]
[Round "11"]
[TimeControl "180+1"]
[Date "2022.04.12"]
[WhiteClock "0:00:01"]
[BlackClock "0:00:30"]

1. Nf3 d5 2. e3 c5 3. d4 Nf6 4. dxc5 e6 5. c4 Bxc5 6. Nc3 Nc6 7. cxd5 exd5 8. Bb5 O-O 9. O-O Bg4 10. Bxc6 bxc6 11. b3 Bd6 12. Bb2 c5 13. h3 Bh5 14. g4 Bg6 15. Rc1 h5 16. Nh4 Bh7 17. Kg2 hxg4 18. hxg4 Be5 19. Na4 Be4+ 20. f3 Nxg4 21. Qe1 Qg5 22. fxe4 Nxe3+ 23. Kf3 Nxf1 24. Bxe5 Nd2+ 25. Ke2 Nxe4 26. Nf3 Qg2+ 27. Ke3 f5 28. Qg1 f4+ 29. Bxf4 d4+ 30. Kxe4 Rae8+ 31. Kd5 Qxf3+ 32. Kxc5 Qxf4 33. Kb4 Qd6+ 34. Nc5 Rc8 35. Qg5 d3 36. Rg1 Rf4+ 0-1


[Site "https://www.chess.com"]

[Event "Titled Tuesday Blitz April 12 Early 2022"]
[White "Nogerbek, Kazybek"]
[Black "Papadiamandis, Elliot"]
[WhiteFideId "13710427"]
[BlackFideId "36074160"]
[WhiteElo "2466"]
[BlackElo "2088"]
[Result "1-0"]
[Round "11"]
[TimeControl "180+1"]
[Date "2022.04.12"]
[WhiteClock "0:00:27"]
[BlackClock "0:00:21"]

1. c4 d5 2. cxd5 Nf6 3. e4 c6 4. dxc6 Nxc6 5. Nc3 e5 6. Be2 Bc5 7. d3 Qb6 8. Na4 Qa5+ 9. Bd2 Bb4 10. Nc3 O-O 11. h3 Qb6 12. Nf3 h6 13. O-O Rd8 14. a3 Be7 15. Be3 Qxb2 16. Na4 Qb5 17. d4 Qa5 18. d5 Nxe4 19. Qc2 Bf5 20. dxc6 Ng3 21. Qb2 Nxe2+ 22. Qxe2 Qxa4 23. cxb7 Rab8 24. Nxe5 Bf6 25. f4 Rxb7 26. Rad1 Rdb8 27. Bd4 Rb3 28. Qh5 Bg6 29. Nxg6 Bxd4+ 30. Kh1 Bf6 31. Ne5 R8b7 32. Qf5 Rb2 33. Ng4 Be7 34. Rd3 Rb1 35. Rxb1 Rxb1+ 36. Kh2 Rb8 37. Rg3 Qa6 38. Ne5 Qe6 39. Qh5 Bd6 40. Re3 Re8 41. Kh1 Qd5 42. Rd3 Qe6 43. Rxd6 Qe7 44. Rd7 Qe6 45. Qxf7+ Qxf7 46. Nxf7 Re1+ 47. Kh2 Re3 48. Rxa7 Re4 49. Kg3 Re3+ 50. Kg4 Rb3 51. Ne5 Kh7 52. a4 Rb2 53. g3 Rb3 54. a5 h5+ 55. Kh4 Kh6 56. Ra6+ Kh7 57. Rb6 Ra3 58. a6 Ra4 59. Nf3 g6 60. Ng5+ Kh6 61. Nf7+ Kg7 62. Ne5 Kh7 63. Rxg6 Ra5 64. Kxh5 Rc5 65. g4 Rc7 66. h4 Re7 67. Rh6+ Kg7 68. g5 Re8 69. Kg4 Rf8 70. h5 Re8 71. a7 Re7 72. Rg6+ Kh7 73. a8=Q Re8 74. Qb7+ Re7 75. Qxe7+ 1-0


[Site "https://www.chess.com"]

[Event "Titled Tuesday Blitz April 12 Early 2022"]
[White "Nozdrachev, Leonid"]
[Black "Itkis, Boris"]
[WhiteFideId "24113433"]
[BlackFideId "1209167"]
[WhiteElo "2242"]
[BlackElo "2207"]
[Result "1-0"]
[Round "11"]
[TimeControl "180+1"]
[Date "2022.04.13"]
[WhiteClock "0:00:05"]
[BlackClock "0:00:02"]

1. a3 h6 2. h4 Nf6 3. e3 d5 4. b4 e6 5. g4 a5 6. b5 b6 7. Bb2 Bb7 8. Rh3 Nbd7 9. g5 hxg5 10. hxg5 Rxh3 11. Nxh3 Ne4 12. Qh5 g6 13. Qh8 Nxg5 14. Nc3 Nxh3 15. Bxh3 Qf6 16. Nxd5 Qxh8 17. Nxc7+ Kd8 18. Nxe6+ fxe6 19. Bxh8 Ke7 20. Bd4 Kf7 21. Ke2 Bg7 22. Bxe6+ Kxe6 23. Bxg7 Rc8 24. c3 Nc5 25. Bd4 Be4 26. Rg1 Bd3+ 27. Ke1 Nd7 28. Rg5 Nc5 29. f3 Rf8 30. f4 Kd6 31. Be5+ Ke6 32. Bd4 Na4 33. Kf2 Rf7 34. e4 Rh7 35. Rxg6+ Kf7 36. Rf6+ Ke7 37. e5 Rh2+ 38. Kg3 Rxd2 39. f5 Rd1 40. Re6+ Kf7 41. Rd6 Rf1 42. e6+ Ke8 43. f6 Nc5 44. Bxc5 bxc5 45. b6 Be4 46. e7 Rg1+ 47. Kf4 Bd5 48. Rxd5 Rf1+ 49. Ke5 Re1+ 50. Kd6 Kf7 51. Kd7 Kxf6 52. b7 Rxe7+ 53. Kc8 Re8+ 54. Rd8 Rxd8+ 55. Kxd8 a4 56. Kc7 1-0


[Site "https://www.chess.com"]

[Event "Titled Tuesday Blitz April 12 Early 2022"]
[White "Nugumanov, Bakhtiyar"]
[Black "Lagumina, Giulio"]
[WhiteFideId "13701797"]
[BlackFideId "800619"]
[WhiteElo "2262"]
[BlackElo "2277"]
[Result "0-1"]
[Round "11"]
[TimeControl "180+1"]
[Date "2022.04.13"]
[WhiteClock "0:00:01"]
[BlackClock "0:00:23"]

1. Nf3 g6 2. d4 Bg7 3. c4 d6 4. Nc3 e5 5. e4 Nc6 6. d5 Nd4 7. Be3 Bg4 8. Bxd4 exd4 9. Nb5 Qe7 10. Qd3 f5 11. Nfxd4 fxe4 12. Qe3 a6 13. Nc3 Nf6 14. Be2 Bxe2 15. Ncxe2 O-O 16. O-O Nd7 17. Ne6 Rfc8 18. Qxe4 Nf8 19. N2d4 Bxd4 20. Qxd4 Nxe6 21. Qe4 Re8 22. Rfe1 Kf7 23. dxe6+ Qxe6 24. Qf3+ Qf6 25. Qxb7 Kg8 26. Qxc7 Qxb2 27. Qxd6 Qxa2 28. Qd5+ Kf8 29. Qd6+ Kg8 30. Qd5+ Kf8 31. Rxe8+ Rxe8 32. Rd1 Qe2 33. h3 Qe6 34. Qf3+ Kg8 35. c5 Rc8 36. Rd6 Qe1+ 37. Kh2 Qe5+ 38. g3 Qxc5 39. Qb3+ Kg7 40. Qb7+ Kh6 41. Rd2 Rf8 42. Kg2 a5 43. Qe4 Rf7 44. Qh4+ Kg7 45. Qe4 Qb4 46. Rd4 Qb5 47. Qe3 a4 0-1


[Site "https://www.chess.com"]

[Event "Titled Tuesday Blitz April 12 Early 2022"]
[White "Omariev, Maksim"]
[Black "Hoffmann, Asa"]
[WhiteFideId "4193423"]
[BlackFideId "2001470"]
[WhiteElo "2494"]
[BlackElo "2117"]
[Result "1-0"]
[Round "11"]
[TimeControl "180+1"]
[Date "2022.04.13"]
[WhiteClock "0:00:06"]
[BlackClock "0:00:16"]

1. g4 d6 2. Bg2 c6 3. h3 e5 4. d4 Qc7 5. c4 Nf6 6. Nc3 Be7 7. Nf3 Nbd7 8. g5 Nh5 9. e4 g6 10. Be3 a5 11. Qd2 O-O 12. O-O-O b6 13. Kb1 a4 14. d5 Bb7 15. Rc1 Nc5 16. h4 cxd5 17. Nxd5 Bxd5 18. cxd5 Qa7 19. Nh2 Nb3 20. Qb4 Nxc1 21. Rxc1 Rfb8 22. Bh3 Qa5 23. Qc4 b5 24. Qc6 b4 25. Ng4 b3 26. a3 Kg7 27. Nh6 Qb5 28. Qxb5 Rxb5 29. Rc7 Re8 30. Bd7 Rbb8 31. Bxe8 Rxe8 32. Ra7 Nf4 33. Bxf4 exf4 34. f3 f6 35. gxf6+ Kxf6 36. Ng4+ Kg7 37. Rxa4 h5 38. Nh2 Bxh4 39. Rb4 Bg3 40. Nf1 h4 41. Rxb3 h3 42. Rb7+ Kf6 43. a4 h2 44. Nxh2 Bxh2 45. a5 g5 46. a6 g4 47. fxg4 f3 48. Rb3 Ke5 49. Rxf3 Kxe4 50. Rf7 Be5 51. b4 Rb8 52. Rb7 Ra8 53. b5 Kxd5 54. a7 Bd4 55. b6 Kc6 56. Rb8 Rxa7 57. bxa7 Bxa7 58. Rf8 Bd4 59. g5 Be5 60. g6 Kd5 61. Rf7 Ke6 62. Ra7 d5 63. g7 Bxg7 64. Rxg7 1-0


[Site "https://www.chess.com"]

[Event "Titled Tuesday Blitz April 12 Early 2022"]
[White "Onslow, Alfie"]
[Black "Gaehwiler, Gabriel"]
[WhiteFideId "436976"]
[BlackFideId "1314530"]
[WhiteElo "1884"]
[BlackElo "2383"]
[Result "1/2-1/2"]
[Round "11"]
[TimeControl "180+1"]
[Date "2022.04.13"]
[WhiteClock "0:00:06"]
[BlackClock "0:00:46"]

1. e4 c5 2. Nc3 d6 3. d4 cxd4 4. Qxd4 Nc6 5. Qd2 e6 6. b3 Nf6 7. Bb2 Be7 8. O-O-O a6 9. f3 b5 10. Kb1 Qc7 11. g4 Nd7 12. h4 Rb8 13. g5 O-O 14. h5 Rd8 15. g6 Bf6 16. gxf7+ Kxf7 17. h6 g6 18. Bh3 Nb6 19. f4 b4 20. Nd5 exd5 21. Bxf6 Kxf6 22. exd5 Nxd5 23. Qxd5 Rb5 24. Qg2 Bf5 25. Bxf5 Rxf5 26. Nf3 d5 27. Ng5 Qxf4 28. Nxh7+ Kf7 29. Rdf1 Qe5 30. Rhg1 Ne7 31. Rxf5+ gxf5 32. Qg7+ Qxg7 33. Rxg7+ Ke6 34. Ng5+ Kf6 35. Nh7+ Ke6 36. Ng5+ Kf6 37. Nh7+ Ke6 1/2-1/2


[Site "https://www.chess.com"]

[Event "Titled Tuesday Blitz April 12 Early 2022"]
[White "Osmonbekov, Talaibek"]
[Black "Calin, Alexandru"]
[WhiteFideId "2017253"]
[BlackFideId "1222961"]
[WhiteElo "2135"]
[BlackElo "2020"]
[Result "1-0"]
[Round "11"]
[TimeControl "180+1"]
[Date "2022.04.13"]
[WhiteClock "0:00:04"]
[BlackClock "0:00:19"]

1. d4 d6 2. e4 Nf6 3. Nc3 Nbd7 4. f4 e5 5. Nf3 exd4 6. Nxd4 g6 7. Bc4 Bg7 8. O-O O-O 9. a4 Re8 10. Nf3 Nxe4 11. Bxf7+ Kxf7 12. Nxe4 Kf8 13. f5 Rxe4 14. fxg6 Nf6 15. Ng5 Bg4 16. Qd3 d5 17. Nxe4 dxe4 18. Qxe4 h5 19. h3 Bd7 20. Bg5 Qe7 21. Qxb7 Re8 22. Qxc7 Kg8 23. Bxf6 Bxf6 24. Rxf6 Qxf6 25. Qxd7 Re2 26. Qd5+ Kg7 27. Qf7+ Qxf7 28. gxf7 Kxf7 29. Rf1+ Ke6 30. Rf2 Re1+ 31. Kh2 Ra1 32. b3 Rc1 33. g3 Ke5 34. h4 a5 35. Kg2 Ke4 36. Rd2 Ke5 37. Kf2 Rh1 38. Ke3 Rg1 39. Kf3 Rc1 40. Rf2 Rg1 41. Re2+ Kd5 42. Rd2+ Ke5 43. c4 Rb1 44. Rd5+ Ke6 45. Rb5 Rxb3+ 46. Rxb3 Kd6 47. Rb5 Kc6 48. Rxa5 Kb6 49. Rxh5 1-0


[Site "https://www.chess.com"]

[Event "Titled Tuesday Blitz April 12 Early 2022"]
[White "Ovezdurdyyeva, Jemal"]
[Black "Pesotskiy, Mikhail"]
[WhiteFideId "14001888"]
[BlackFideId "34164453"]
[WhiteElo "1946"]
[BlackElo "2010"]
[Result "0-1"]
[Round "11"]
[TimeControl "180+1"]
[Date "2022.04.13"]
[WhiteClock "0:00:03"]
[BlackClock "0:00:19"]

1. e4 e6 2. d4 d5 3. Nc3 Bb4 4. e5 c5 5. Be3 Nc6 6. a3 cxd4 7. Bxd4 Ba5 8. Nf3 Nge7 9. Bc5 Ng6 10. Bb5 Bb6 11. Bxb6 Qxb6 12. O-O O-O 13. Qe2 a6 14. Bd3 Qxb2 15. Na4 Nd4 16. Nxb2 Nxe2+ 17. Bxe2 Bd7 18. c4 Bc6 19. c5 Nf4 20. Rfe1 Rac8 21. Bf1 Bd7 22. Rac1 Rc7 23. g3 Ng6 24. Bd3 Rfc8 25. Bxg6 hxg6 26. Nd3 Bb5 27. Red1 Bxd3 28. Rxd3 Rxc5 29. Rb1 b5 30. Kg2 f6 31. Rd4 Kf7 32. a4 Rc4 33. Rxc4 bxc4 34. Rb6 c3 35. Rb7+ Kf8 36. Rb1 Rc4 37. Rc1 d4 38. a5 d3 39. Kf1 d2 40. Nxd2 cxd2 41. Rd1 Rd4 42. exf6 gxf6 43. Ke2 Rd5 44. Rxd2 Rxa5 45. Rd7 Rd5 46. Ra7 Rd6 47. Ke3 e5 48. h4 f5 49. Kf3 Rd3+ 50. Ke2 Ra3 51. Kd2 e4 52. Ke2 a5 53. Kd2 a4 54. Ke2 Ra2+ 55. Ke3 a3 56. Kd4 Rxf2 57. Rxa3 Kg7 58. Ke5 Rf3 59. Ra7+ Kh6 60. Kf6 Rxg3 61. Ra8 Kh5 62. Rh8+ Kg4 63. Kxg6 f4 64. h5 e3 65. h6 Rh3 66. h7 Kf3 67. Rf8 e2 68. Re8 Kf2 69. Re5 f3 70. Rh5 Rxh5 71. Kxh5 e1=Q 72. h8=Q Qh1+ 0-1


[Site "https://www.chess.com"]

[Event "Titled Tuesday Blitz April 12 Early 2022"]
[White "Padmini, Rout"]
[Black "Kostina, Nadezhda"]
[WhiteFideId "5029295"]
[BlackFideId "4195876"]
[WhiteElo "2181"]
[BlackElo "1982"]
[Result "1-0"]
[Round "11"]
[TimeControl "180+1"]
[Date "2022.04.13"]
[WhiteClock "0:01:46"]
[BlackClock "0:00:10"]

1. Nf3 c5 2. g3 d5 3. Bg2 Nc6 4. O-O Nf6 5. c4 g6 6. d4 dxc4 7. dxc5 Bg7 8. Na3 O-O 9. Nxc4 Be6 10. Qa4 Ne4 11. Be3 Qc8 12. Rac1 Bh3 13. Qc2 Bxg2 14. Kxg2 f5 15. Rfd1 Nf6 16. Nce5 Ng4 17. Qc4+ e6 18. Nxg4 fxg4 19. Qxg4 Rf5 20. Nd4 Nxd4 21. Bxd4 Qc6+ 22. f3 e5 23. Bf2 Raf8 24. Qc4+ Kh8 25. Rd6 Qc8 26. Rcd1 e4 27. Qxe4 Bxb2 28. Bd4+ Bxd4 29. Qxd4+ Kg8 30. Rd7 R5f6 31. Qh4 h5 32. Qc4+ Kh8 33. Qd4 Qc6 34. Rd6 Qb5 35. Rxf6 Qxe2+ 36. Kh3 1-0


[Site "https://www.chess.com"]

[Event "Titled Tuesday Blitz April 12 Early 2022"]
[White "Pichot, Alan"]
[Black "Manolache, Marius"]
[WhiteFideId "110973"]
[BlackFideId "1201530"]
[WhiteElo "2579"]
[BlackElo "2364"]
[Result "1-0"]
[Round "11"]
[TimeControl "180+1"]
[Date "2022.04.12"]
[WhiteClock "0:00:49"]
[BlackClock "0:00:16"]

1. e4 c5 2. Nf3 e6 3. d4 cxd4 4. Nxd4 a6 5. Nc3 Qc7 6. Bd3 d6 7. O-O Nd7 8. Qe2 Ngf6 9. a4 b6 10. f4 Bb7 11. Bd2 Be7 12. Rae1 h5 13. Rf3 Nc5 14. Rh3 h4 15. b4 Nxd3 16. cxd3 Rc8 17. Nf3 d5 18. e5 Nd7 19. Nd1 a5 20. b5 g6 21. Nd4 Nc5 22. Nc3 Qd8 23. Kh1 Rh5 24. Qg4 Qd7 25. Rc1 Kf8 26. Rf1 Ke8 27. Be1 Qd8 28. Bf2 Rc7 29. Kg1 Ne4 30. dxe4 dxe4 31. Nxe6 Bc8 32. Qxh5 gxh5 33. Nxd8 Bxh3 34. Nd5 Rc2 35. Nxe7 Bxg2 36. Kxg2 e3 37. Ndc6 exf2 38. Rxf2 h3+ 39. Kf3 Rc3+ 40. Ke4 Rc4+ 41. Kf5 Rxa4 42. Rd2 Kf8 43. Rd8+ Kg7 44. Rg8+ Kh7 45. Nd8 Ra2 46. Nxf7 Rg2 47. Ng5+ Kh6 48. Rg6# 1-0


[Site "https://www.chess.com"]

[Event "Titled Tuesday Blitz April 12 Early 2022"]
[White "Piliczewski, Bogusz"]
[Black "Tsyhanchuk, Stanislav"]
[WhiteFideId "1104144"]
[BlackFideId "13505130"]
[WhiteElo "1896"]
[BlackElo "2078"]
[Result "0-1"]
[Round "11"]
[TimeControl "180+1"]
[Date "2022.04.13"]
[WhiteClock "0:00:02"]
[BlackClock "0:00:40"]

1. d4 Nf6 2. Nf3 c5 3. c3 b6 4. Bf4 Bb7 5. e3 d6 6. Be2 Nbd7 7. O-O g6 8. h3 Bg7 9. Nbd2 O-O 10. Bh2 Ne4 11. Qc2 Ndf6 12. Bd3 d5 13. Ne5 e6 14. f3 Nxd2 15. Qxd2 Rc8 16. Rfd1 Nd7 17. f4 Nxe5 18. dxe5 f6 19. exf6 Qxf6 20. Rf1 d4 21. cxd4 cxd4 22. e4 e5 23. fxe5 Qe7 24. Rac1 Rxc1 25. Rxc1 Bxe5 26. Bxe5 Qxe5 27. Rf1 Rxf1+ 28. Kxf1 Bxe4 29. Bxe4 Qxe4 30. Qe2 Qf5+ 31. Kg1 d3 32. Qe8+ Kg7 33. Qe7+ Kh6 34. Qh4+ Qh5 35. Qf4+ Qg5 36. Qf8+ Kh5 37. Qf3+ Kh4 38. Qxd3 Qc1+ 39. Qf1 Qxb2 40. Qf4+ Kh5 41. g4+ Kh4 42. g5+ Kxh3 43. Qf3+ Kh4 44. Qf4+ Kh5 45. Qf7 Qb1+ 46. Kg2 Qc2+ 47. Kg3 Qd3+ 48. Kg2 Qd2+ 49. Kg3 Qxg5+ 50. Kh2 Kg4 51. Qd7+ Qf5 52. Qxa7 Qf2+ 53. Kh1 h5 54. Qg7 Qe1+ 55. Kg2 Qe4+ 56. Kg1 Kg3 0-1


[Site "https://www.chess.com"]

[Event "Titled Tuesday Blitz April 12 Early 2022"]
[White "Plazuelo Pascual, Juan"]
[Black "Marcziter, Dmitrii"]
[WhiteFideId "32059566"]
[BlackFideId "13900765"]
[WhiteElo "2359"]
[BlackElo "2155"]
[Result "1-0"]
[Round "11"]
[TimeControl "180+1"]
[Date "2022.04.13"]
[WhiteClock "0:00:56"]
[BlackClock "0:00:27"]

1. d4 Nf6 2. c4 g6 3. Nc3 Bg7 4. e4 d6 5. f3 O-O 6. Be3 c5 7. dxc5 dxc5 8. Qxd8 Rxd8 9. Bxc5 Nc6 10. Be3 Nb4 11. Rc1 Nd3+ 12. Bxd3 Rxd3 13. Ke2 Rd8 14. Nh3 b6 15. Nf4 Ba6 16. b3 Rac8 17. Nfd5 e6 18. Ne7+ Kf8 19. Nxc8 Rxc8 20. Rhd1 Ke7 21. Nb5 Bxb5 22. cxb5 Rxc1 23. Rxc1 Kd7 24. Rd1+ Ke7 25. Bg5 h6 26. Bxf6+ Bxf6 27. g3 g5 28. f4 gxf4 29. gxf4 Bb2 30. Kf3 e5 31. Rd5 f6 32. Kg4 Bd4 33. f5 Be3 34. Kh5 Bc1 35. Kg6 Bf4 36. h4 Be3 37. Rd3 Bf4 38. a4 Bc1 39. Rc3 Bd2 40. Rc7+ Kd6 41. Rxa7 Kc5 42. Kxf6 Be1 43. h5 Kd4 44. Kg6 Bd2 45. f6 Kxe4 46. f7 Bb4 47. Ra8 Kd3 48. f8=Q Bxf8 49. Rxf8 e4 50. Kxh6 e3 51. Rf3 Kd2 52. Rxe3 Kxe3 53. Kg7 1-0


[Site "https://www.chess.com"]

[Event "Titled Tuesday Blitz April 12 Early 2022"]
[White "Politov, Pavel Y."]
[Black "Gatterer, Florian"]
[WhiteFideId "24110515"]
[BlackFideId "811688"]
[WhiteElo "2090"]
[BlackElo "2218"]
[Result "1/2-1/2"]
[Round "11"]
[TimeControl "180+1"]
[Date "2022.04.13"]
[WhiteClock "0:00:04"]
[BlackClock "0:00:39"]

1. e4 e5 2. Nf3 Nc6 3. Bc4 Bc5 4. O-O Nf6 5. d3 O-O 6. Nbd2 d6 7. c3 a5 8. a4 h6 9. h3 Re8 10. Re1 Be6 11. Qb3 Bxc4 12. Nxc4 Qc8 13. Be3 Bxe3 14. Nxe3 b6 15. Nf5 Ne7 16. Nxe7+ Rxe7 17. Nh4 Qe6 18. Qxe6 Rxe6 19. Nf5 Kh7 20. Ne3 g6 21. g3 h5 22. f4 exf4 23. gxf4 Rae8 24. Kf2 c6 25. f5 R6e7 26. fxg6+ fxg6 27. Nc4 d5 28. exd5 Nxd5 29. Rxe7+ Rxe7 30. Re1 Rxe1 31. Kxe1 g5 32. Ne5 c5 33. Nd7 Nf4 34. Nxb6 Nxd3+ 35. Kd2 Nf4 36. Nc4 Nxh3 37. Nxa5 g4 38. Nc4 g3 39. Ne3 Nf4 40. a5 h4 41. a6 Ne6 42. a7 Nc7 43. Ke2 h3 44. Kf3 g2 45. Kf2 Kg6 46. Ng4 Kf5 47. Nh2 Ke4 48. b4 cxb4 49. cxb4 Kd4 50. Nf3+ Kc4 51. Kg3 Kxb4 52. Kxh3 g1=Q 53. Nxg1 Kb5 54. a8=Q Nxa8 1/2-1/2


[Site "https://www.chess.com"]

[Event "Titled Tuesday Blitz April 12 Early 2022"]
[White "Potapova, Margarita"]
[Black "Seo, Jung Min"]
[WhiteFideId "14126869"]
[BlackFideId "1734687"]
[WhiteElo "2216"]
[BlackElo "2401"]
[Result "1-0"]
[Round "11"]
[TimeControl "180+1"]
[Date "2022.04.13"]
[WhiteClock "0:00:04"]
[BlackClock "0:00:06"]

1. d4 Nf6 2. c4 e6 3. Nc3 Bb4 4. Qc2 O-O 5. e4 d5 6. e5 Nfd7 7. Bd3 h6 8. cxd5 exd5 9. a3 Bxc3+ 10. bxc3 c5 11. Nf3 Nc6 12. O-O c4 13. Be2 Nb6 14. a4 Na5 15. Ba3 Re8 16. Nd2 Qd7 17. Bb4 Nc6 18. Bc5 Qe6 19. f4 f5 20. Rfb1 Nd7 21. Bd6 Nd8 22. Nf1 Nf7 23. Ba3 Nf8 24. Ne3 Ng6 25. g3 Rb8 26. Bf3 Rd8 27. Rb5 Ne7 28. Bxe7 Qxe7 29. Nxd5 Qe8 30. Ne3 a6 31. Rb4 Qe6 32. d5 Qe7 33. d6 Nxd6 34. Nd5 Qf8 35. exd6 Qxd6 36. Rxc4 Be6 37. Rd4 Qc5 38. Qg2 Rd7 39. Rd1 Rbd8 40. Kh1 Kh7 41. c4 b5 42. axb5 axb5 43. cxb5 Qxb5 44. h4 Qc5 45. Kh2 Kh8 46. R1d2 Kh7 47. R2d3 Kh8 48. Qd2 Rd6 49. Qb4 Qxb4 50. Rxb4 Bxd5 51. Rbd4 Bxf3 52. Rxd6 Rxd6 53. Rxd6 Kh7 54. Kg1 Kg8 55. Kf2 Be4 56. Rd7 Kh7 57. Ke3 Kg6 58. Kd4 Kf6 59. Rd6+ Kf7 60. Rb6 Ke7 61. Ke5 Kf7 62. Ra6 Ke7 63. Ra7+ Kf8 64. Ke6 Kg8 65. Ke5 Kf8 66. g4 Bd3 67. gxf5 Bc2 68. f6 g6 69. Ke6 Bb3+ 70. Kd6 Bc4 71. Rh7 h5 72. Rg7 Bd3 73. Ke5 Bc2 74. Ra7 Bd3 75. Ra3 Bc2 76. Ke6 Bf5+ 77. Kd6 Kf7 78. Ke5 Kf8 79. Rc3 Bb1 80. Rg3 Kf7 81. Rg5 Bc2 82. Rg2 Bb1 83. Rd2 Bf5 84. Rd6 Bb1 85. Rc6 Bf5 86. Rc5 Bb1 87. Rc7+ Kf8 88. f7 Kg7 89. Ke6 Ba2+ 90. Ke5 Bxf7 91. Rb7 Kf8 92. Kf6 Be8 93. Rb8 1-0


[Site "https://www.chess.com"]

[Event "Titled Tuesday Blitz April 12 Early 2022"]
[White "Prohorov, Olexandr"]
[Black "Hoang, Thi Bao Tram"]
[WhiteFideId "14105578"]
[BlackFideId "12401102"]
[WhiteElo "1993"]
[BlackElo "2125"]
[Result "0-1"]
[Round "11"]
[TimeControl "180+1"]
[Date "2022.04.13"]
[WhiteClock "0:00:01"]
[BlackClock "0:00:45"]

1. Nf3 Nf6 2. d4 g6 3. c4 Bg7 4. Nc3 d5 5. cxd5 Nxd5 6. g3 O-O 7. Bg2 Nxc3 8. bxc3 c5 9. O-O Nc6 10. Bb2 Na5 11. e4 Nc4 12. Bc1 b6 13. Qa4 Na5 14. Be3 Bb7 15. d5 Ba6 16. Rfc1 Rc8 17. Bh3 Rb8 18. Bf4 Ra8 19. Qd1 Bc4 20. Nd2 Bd3 21. Qf3 c4 22. e5 Nb7 23. d6 Nc5 24. Qd5 e6 25. Qd4 Nd7 26. Qe3 Re8 27. Nf3 Qc8 28. Re1 Qc5 29. Qxc5 bxc5 30. Bg2 Rab8 31. h4 Rb2 32. Ng5 Reb8 33. Bc6 Nf8 34. Rec1 a5 35. Nf3 h6 36. Be3 Rc8 37. Bxc5 Rxc6 38. Ba3 Rb8 39. Nd4 Rcb6 40. g4 Bxe5 0-1


[Site "https://www.chess.com"]